 Dungeon Crawl Stone Soup version 0.23.2-40-g277498a001 (webtiles) character file.

Game seed: 14788842103300086043

30 Fallub the Conjurer (level 3, 0/19 HPs)
             Began as a Deep Elf Conjurer on Oct 13, 2019.
             Killed from afar by an orc wizard (6 damage)
             ... with a magic dart
             ... on level 4 of the Dungeon.
             The game lasted 00:05:06 (1186 turns).

Fallub the Conjurer (Deep Elf Conjurer)             Turns: 1186, Time: 00:05:07

Health: 0/19       AC:  2    Str:  5    XL:     3   Next: 3%
Magic:  2/9        EV: 28    Int: 20    God:
Gold:   30         SH:  0    Dex: 15    Spells: 7/8 levels left

rFire    . . .     SeeInvis .   (no weapon)
rCold    . . .     Gourm    .   (no shield)
rNeg     . . .     Faith    .   a - +0 robe
rPois    .         Spirit   .   (no helmet)
rElec    .         Reflect  .   (no cloak)
rCorr    .         Harm     .   (no gloves)
MR       .....     Rnd*Tele +   (no boots)
Stlth    ++........             e - amulet of the acrobat
HPRegen  0.06/turn              k - ring of teleportation (curse)
MPRegen  0.11/turn              (no ring)

@: acrobat
A: no striking features
a: no special abilities


You were on level 4 of the Dungeon.
You were not hungry.

You visited 1 branch of the dungeon, and saw 3 of its levels.

You collected 30 gold pieces.

Inventory:

Armour
 a - a +0 robe (worn)
Jewellery
 e - an amulet of the acrobat (around neck)
 k - a cursed ring of teleportation (left hand)
Scrolls
 b - a scroll of teleportation {unknown}
 d - a scroll of enchant armour {unknown}
 h - a scroll of remove curse {unknown}
 j - a scroll of enchant weapon {unknown}
Potions
 f - a potion of agility {unknown}
 g - a potion of flight {unknown}
 i - a potion of curing {unknown}
Comestibles
 c - 2 rations
 l - 3 chunks of flesh


   Skills:
 + Level 2.5 Dodging
 + Level 2.5 Stealth
 + Level 3.3 Spellcasting
 + Level 5.2 Conjurations


You had 7 spell levels left.
You knew the following spells:

 Your Spells              Type           Power        Failure   Level  Hunger
a - Magic Dart            Conj           ###.         1%          1    None

Your spell library contained the following spells:

 Spells                   Type           Power        Failure   Level  Hunger
 Searing Ray              Conj           ###...       2%          2    ##.....
 Dazzling Spray           Conj/Hex       ##....       14%         3    ###....
 Iskenderun's Mystic Bla  Conj           ###.....     16%         4    ####...
 Force Lance              Conj/Tloc      ##......     43%         4    ####...
 Fulminant Prism          Conj/Hex       ##........   43%         4    ####...


Dungeon Overview and Level Annotations

Branches:
Dungeon (2/15)

Altars:

Annotations:
D:4 Sigmund


Message History

Aim: an orc, wielding a +0 club and wearing a +0 leather armour The magic dart hits the orc.
The orc is moderately wounded.
The orc throws a stone.
The stone closely misses you.
You see here a stone.
Casting: Magic Dart (safe; 1% risk of failure)
Confirm with . or Enter, or press ? or * to list all spells.
You don't have enough magic to cast that spell.
An orc priest comes into view. It is wielding a +0 war axe.
The orc throws a stone.
The stone misses you.
You see here a stone.
The orc throws a stone.
The stone misses you.
You hear a shout!
A magic dart appears from out of thin air!
The magic dart hits you.
The orc throws a stone.
The stone completely misses you.
You see here a quarterstaff.
A magic dart appears from out of thin air!
The magic dart hits you.
You die...

##########. ..#......o.
#.#.# #.#.# #.#.# #####..
#@#(####≈≈≈≈≈... #()..o..≈#
#≈.. #.####...+ +... #.#
#.#≈###≈.. #.####.#≈≈≈≈≈.#
######### #.##.....#.#.##
o$.....(# #.##.###.#.##.##
#######(########.##.#
#.......#
#.)...o..(..(.###.#.......#


You could see an orc.

Vanquished Creatures
  A dart slug (D:1)
  A leopard gecko (D:1)
  3 orcs (D:4)
  2 giant cockroaches (D:1)
  A goblin (D:1)
  3 hobgoblins (D:1)
  2 jackals (D:1)
  4 bats (D:1)
  2 frilled lizards (D:1)
  A kobold (D:1)
  A leopard gecko skeleton (D:4)
  2 rats (D:1)
23 creatures vanquished.

Notes
Turn   | Place    | Note
-------+----------+-------------------------------------------
     0 | D:1      | Fallub the Deep Elf Conjurer began the quest for the Orb.
     0 | D:1      | Reached XP level 1. HP: 10/10 MP: 6/6
   278 | D:1      | You fall through a shaft!
   312 | D:1      | Reached XP level 2. HP: 15/15 MP: 2/8
   549 | D:1      | Reached skill level 5 in Conjurations
  1021 | D:2      | You fall through a shaft for 2 floors!
  1039 | D:4      | Noticed Sigmund
  1151 | D:4      | Reached XP level 3. HP: 10/19 MP: 0/9
  1186 | D:4      | Killed from afar by an orc wizard

Skill      XL: |  1  2 |
---------------+-------+-----
Conjurations   | 5 |  5.2
Dodging        | |  2.5
Stealth        | |  2.5
Spellcasting   | |  3.3

Action                   || total
-------------------------++-------
 Cast: Magic Dart        ||    57
  Eat: Chunk             ||     1
Armor: Robe              ||     3
Dodge: Dodged            ||    11
